 Dungeon Crawl Stone Soup version 0.28.0-43-g3370ac3207 (webtiles) character file.

Game seed: 3200799800933809899

796 sanboga the Covered (level 7, 0/66 HPs)
             Began as a Gargoyle Fighter on Mar 14, 2022.
             Killed by divine providence
             ... invoked by an orc priest
              (12 damage)
             ... on level 4 of the Dungeon.
             The game lasted 00:06:00 (4941 turns).

sanboga the Covered (Gargoyle Fighter)              Turns: 4941, Time: 00:06:02

Health: 0/66       AC: 27    Str: 21    XL:     7   Next: 89%
Magic:  7/7        EV:  2    Int:  9    God:
Gold:   171        SH:  4    Dex:  9    Spells: 6/6 levels left

rFire   . . .      SeeInvis .   a - +2 hand axe (vorpal)
rCold   . . .      Faith    .   c - +0 buckler
rNeg    + + .      Spirit   .   (armour currently unavailable)
rPois   ∞          Reflect  .   (helmet currently unavailable)
rElec   .          Harm     .   (cloak currently unavailable)
rCorr   .          Rampage  .   (gloves currently unavailable)
Will    .....      NoTele   +   (boots currently unavailable)
Stlth   +.........              (no amulet)
HPRegen 0.21/turn               k - +4 ring of protection
MPRegen 0.10/turn               o - ring of positive energy

@: tree-form
A: stationary, stasis, torment immunity, boosted hp, sickness immunity, AC +4,
negative energy resistance 1, (electricity resistance), torment resistance 1,
petrification resistance
a: no special abilities


You were on level 4 of the Dungeon.
You were a tree.
You visited 1 branch of the dungeon, and saw 5 of its levels.

You collected 171 gold pieces.

Inventory:

Hand Weapons
 a - a +2 vorpal hand axe (weapon)
 b - a +0 war axe
Armour
 c - a +0 buckler (worn)
 g - a +0 helmet (melded)
 m - a +1 cloak (melded)
 s - a +0 chain mail (melded)
Jewellery
 k - a +4 ring of protection (left branch)
 o - a ring of positive energy (right branch)
Wands
 n - a wand of flame (15)
Scrolls
 d - 2 scrolls of teleportation {unknown}
 e - a scroll of magic mapping {unknown}
 h - a scroll of torment {unknown}
 i - a scroll of immolation {unknown}
 j - 2 scrolls of enchant weapon {unknown}
 p - a scroll of fear {unknown}
 q - a scroll of holy word {unknown}
 r - a scroll of identify {unknown}
 t - a scroll of noise {unknown}
Potions
 f - a potion of haste {unknown}
 l - 3 potions of lignification


   Skills:
 + Level 5.3 Fighting
 * Level 5.1 Axes
 + Level 5.3 Armour
 + Level 5.2 Shields


You had 6 spell levels left.
You didn't know any spells.
Your spell library contained the following spells:

 Spells                   Type           Power      Damage    Failure   Level
 Animate Skeleton         Necr           0%         N/A       45%         1
 Apportation              Tloc           0%         N/A       45%         1
 Magic Dart               Conj           0%         1d3       45%         1
 Slow                     Hex            0%         N/A       45%         1
 Summon Small Mammal      Summ           0%         N/A       45%         1
 Call Imp                 Summ           0%         N/A       61%         2
 Confusing Touch          Hex            0%         N/A       83%         3
 Dazzling Flash           Conj/Hex       0%         N/A       83%         3
 Mephitic Cloud           Conj/Pois/Air  0%         N/A       83%         3
 Vampiric Draining        Necr           0%         2d6       83%         3
 Alistair's Intoxication  Tmut/Pois      0%         N/A       100%        5
 Storm Form               Tmut/Air       0%         N/A       100%        7


Dungeon Overview and Level Annotations

Branches:
Dungeon (5/15)
 Temple: D:4-7

Altars:

Shops:
D:5 :


Innate Abilities, Weirdness & Mutations

You are a tree.
Your roots penetrate the ground, keeping you stationary.
You cannot be teleported.
You are immune to unholy pain and torment.
Your maximum health is greatly increased.
Your equipment is partially melded.
You are immune to sickness and miasma.
((Your stone body is resilient. (AC +4)))
You are immune to poison.
You resist negative energy. (rN+)
((You are resistant to electric shocks. (rElec)))
You are resistant to unholy torment.
You are immune to petrification.


Message History

You barely miss the orc. You barely miss the orc wizard.
You hit the orc but do no damage. You miss something.
The orc priest calls down the wrath of Beogh upon you.
Beogh smites you! You block the orc's attack.
The orc wizard hits you but does no damage.
The orc hits you but does no damage.
You hit the orc priest but do no damage.
The orc priest is severely wounded.
You barely miss the orc. You hit the orc wizard. You hit the orc.
You closely miss something.
You hear some strange, mumbled words.
Something tries to affect you, but you resist.
The orc priest hits you with a +0 mace. The orc barely misses you.
The orc wizard hits you but does no damage.
The orc barely misses you. You block something's attack.
The orc priest hits you but does no damage.
The orc hits you with a +0 mace of protection.
You block the orc's attack. You block the orc wizard's attack.
Something hits you but does no damage.
You climb upwards.
Reactivating autopickup.
There is a stone staircase leading down here.
You barely miss the orc wizard.
The orc wizard is moderately wounded.
You barely miss the orc. You hit something.
The orc priest calls down the wrath of Beogh upon you.
Beogh smites you!
* * * LOW HITPOINT WARNING * * *
The orc hits you but does no damage.
The orc wizard hits you but does no damage.
Something hits you.
* * * LOW HITPOINT WARNING * * *
Deactivating autopickup; reactivate with Ctrl-A.
It was a potion of lignification.
You turn into a tree.
Your +1 cloak melds into your body.
Your +0 helmet melds into your body.
Your +0 chain mail melds into your body.
Your roots penetrate the ground.
The orc priest mumbles some strange prayers to Beogh against you.
Beogh smites you!
You die...

.....# #.##.#.......#
.....# #.##.#.#.#.###
.....# #.##.#.#.#.#
.....# #.##.....#.#
.....# #.####.#.#.#
.....######....#.#.#.#
...............#o#...#
....############{#####
..............oo♣o...#
.....#.#####.#.#####.#
.....#.# #.#[#.#<#.#
.....#.#
#.#)#...#.######
####.#.#
#.#.#.#.#......#
#.#.###
#.#.#.########.#
#.#...#
#.#............#
#.###.#
#.###.#######..#
####.# #.# #.# #.#
#..#


You could see an orc priest, an orc wizard and 2 orcs.

Vanquished Creatures
  A water moccasin (D:4)
  An ice beast (D:5)
  A black bear (D:4)
  A scorpion (D:5)
  2 orc priests
  A centaur skeleton (D:4)
  Crazy Yiuf (D:3)
  A hound (D:4)
  Jessica (D:3)
  2 iguanas (D:4)
  Terence (D:2)
  An orc wizard (D:3)
  A hound skeleton (D:5)
  4 adders
  A white imp (D:5)
  21 orcs
  12 ball pythons
  2 bats (D:3)
  16 endoplasms
  5 giant cockroaches
  13 goblins
  8 hobgoblins
  2 jackals (D:2)
  5 kobolds
  4 quokkas
  3 frilled lizards (D:2)
  4 rats
115 creatures vanquished.

Notes
Turn   | Place    | Note
-------+----------+-------------------------------------------
     0 | D:1      | sanboga the Gargoyle Fighter began the quest for the Orb.
     0 | D:1      | Reached XP level 1. HP: 14/14 MP: 1/1
   576 | D:1      | Reached XP level 2. HP: 19/19 MP: 2/2
   644 | D:1      | Found a faded altar of an unknown god.
  1142 | D:1      | Reached XP level 3. HP: 23/23 MP: 3/3
  1460 | D:2      | Noticed Terence
  1467 | D:2      | Killed Terence
  1482 | D:2      | Reached XP level 4. HP: 28/29 MP: 4/4
  2463 | D:3      | Found a runed translucent door.
  2464 | D:3      | Noticed Crazy Yiuf
  2498 | D:3      | Killed Crazy Yiuf
  2499 | D:3      | Reached XP level 5. HP: 19/33 MP: 5/5
  2692 | D:3      | Noticed Jessica
  2698 | D:3      | Killed Jessica
  2853 | D:3      | Reached XP level 6. HP: 25/39 MP: 6/6
  3785 | D:4      | Noticed a black bear
  3795 | D:4      | Killed a black bear
  3796 | D:4      | Reached XP level 7. HP: 43/44 MP: 7/7
  4379 | D:5      | Entered Level 5 of the Dungeon
  4477 | D:5      | Reached skill level 5 in Fighting
  4477 | D:5      | Reached skill level 5 in Armour
  4477 | D:5      | Reached skill level 5 in Shields
  4651 | D:5      | Found Huddouf's Book Emporium.
  4669 | D:5      | Got Weeg's Papyrus of Enthralling Moulding
  4921 | D:4      | Reached skill level 5 in Axes
  4941 | D:4      | Killed from afar by an orc priest

Illustrated notes

Levels and vault maps discovered:
D:1:      saegor_arrival_simple_e, layout_basic,
          shapermc_ecumenical_altar_notcrosses
D:2:      kennysheep_the_goblin_king, layout_basic, kennysheep_boxes,
          uniq_terence
D:3:      layout_basic, uniq_jessica, uniq_crazy_yiuf_cottage
D:4:      layout_basic
D:5:      layout_rooms, serial_shops, nicolae_diamond_shop

Skill      XL: |  1  2  3  4  5  6  7 |
---------------+----------------------+-----
Axes           | 2 3 4 5 |  5.1
Fighting       | 4 5 |  5.3
Armour         | 4 5 |  5.3
Shields        | 4 5 |  5.2

Action                   |  1- 3 |  4- 6 |  7- 9 || total
-------------------------+-------+-------+-------++-------
Melee: War axe           |    72 |       |       ||    72
       Hand axe          |     3 |   179 |    76 ||   258
  Use: Potion            |       |     2 |     1 ||     3
Armor: Scale mail        |    44 |    85 |    13 ||   142
       Chain mail        |       |       |    32 ||    32
Dodge: Dodged            |    40 |    71 |    32 ||   143
Block: Buckler           |    19 |    42 |    19 ||    80
